EL
CHATTANOOGA LOOKOUTS @ ARKANSAS TRAVELERS
08/22/2049
 
TOP OF THE 1ST
Chattanooga Lookouts batting - Pitching for Arkansas Travelers : RHP Getachew El Sayed
Pitching: RHP Getachew El Sayed
Batting: LHB Marshall Daul 0-0: Called Strike
0-1: Foul Ball, location: 2F
0-2: Foul Ball, location: 2F
0-2: Ball
1-2: Ball
2-2: Strikes out swinging
Batting: RHB Manuel Juarez 0-0: Ball
1-0: Fly out, F5 (Popup, 56S, EV 78.8 MPH)
Batting: LHB Shaun Price 0-0: Called Strike
0-1: Ball
1-1: Ball
2-1: Ground out U3 (Groundball, 3L, EV 86.9 MPH)
Top of the 1st over - 0 runs, 0 hits, 0 errors, 0 left on base; Chattanooga 0 - Arkansas 0
BOTTOM OF THE 1ST
Arkansas Travelers batting - Pitching for Chattanooga Lookouts : RHP Tom Winsor
Pitching: RHP Tom Winsor
Batting: RHB Nick Lombardo 0-0: Ball
1-0: Ball
2-0: Foul Ball, location: 2F
2-1: Swinging Strike
2-2: Ball
3-2: Strikes out swinging
Batting: RHB Danny Bjarnson 0-0: Foul Ball, location: 2F
0-1: Called Strike
0-2: Ball
1-2: Foul Ball, location: 2F
1-2: Reached on error, E5 (Groundball, 56S, EV 67.5 MPH)
Batting: RHB Juan Montez 0-0: Called Strike
0-1: Foul Ball, location: 2F
0-2: Ball
1-2: SINGLE (Groundball, 6MD, EV 98.1 MPH)
Danny Bjarnson to third
Throwing error, E8
Danny Bjarnson scores
Juan Montez to second
Batting: RHB Kyler Seitz 0-0: Called Strike
0-1: Ball
1-1: Foul Ball, location: 2F
1-2: Strikes out swinging
Batting: SHB Danny Gelinas 0-0: Swinging Strike
0-1: Hit by Pitch
Batting: LHB Mutsuo IIda 0-0: Foul Ball, location: 2F
0-1: Ball
1-1: Swinging Strike
1-2: Strikes out looking
Bottom of the 1st over - 1 run, 1 hit, 2 errors, 2 left on base; Chattanooga 0 - Arkansas 1
TOP OF THE 2ND
Chattanooga Lookouts batting - Pitching for Arkansas Travelers : RHP Getachew El Sayed
Batting: LHB Kuemon Shishido 0-0: SOLO HOME RUN (Flyball, 9LD, EV 95.6 MPH), Distance : 351 ft
Batting: SHB Matt Urbani 0-0: Ball
1-0: Ball
2-0: Called Strike
2-1: Swinging Strike
2-2: Ball
3-2: Hit by Pitch
Batting: LHB Jayden Thomas 0-0: Called Strike
0-1: Called Strike
0-2: Ball
1-2: Ball
Matt Urbani is caught stealing 2nd base 2-6
2-2: Foul Ball, location: 2F
2-2: Ball
3-2: Base on Balls
Batting: RHB Michael McDonald 0-0: DOUBLE (Flyball, 8LXD, EV 91.9 MPH)
Jayden Thomas to third
Runner from 3rd tries for Home, SAFE, no throw by CF
Batting: LHB Brian Wagner 0-0: Ball
1-0: Ball
2-0: Ball
3-0: Called Strike
3-1: Foul Ball, location: 2F
3-2: Strikes out swinging
Batting: RHB David Nardone 0-0: Ball
1-0: Ball
2-0: Ball
3-0: Base on Balls
Batting: LHB Marshall Daul 0-0: Ball
1-0: Ball
2-0: Foul Ball, location: 2F
2-1: Ball
3-1: Base on Balls
Michael McDonald to third
David Nardone to second
Batting: RHB Manuel Juarez 0-0: Ball
1-0: Ball
2-0: Foul Ball, location: 2F
2-1: Foul Ball, location: 2F
2-2: Strikes out swinging
Top of the 2nd over - 2 runs, 2 hits, 0 errors, 3 left on base; Chattanooga 2 - Arkansas 1
BOTTOM OF THE 2ND
Arkansas Travelers batting - Pitching for Chattanooga Lookouts : RHP Tom Winsor
Batting: RHB Kinya Nishimura 0-0: Swinging Strike
0-1: Ball
1-1: Swinging Strike
1-2: Strikes out swinging
Batting: RHB T.J. Gray 0-0: Called Strike
0-1: Fly out, F8 (Flyball, 89M, EV 94.4 MPH)
Batting: RHB Ryan Pelletier 0-0: Fly out, F7 (Flyball, 7, EV 87.5 MPH)
Bottom of the 2nd over - 0 runs, 0 hits, 0 errors, 0 left on base; Chattanooga 2 - Arkansas 1
TOP OF THE 3RD
Chattanooga Lookouts batting - Pitching for Arkansas Travelers : RHP Getachew El Sayed
Batting: LHB Shaun Price 0-0: Called Strike
0-1: Ball
1-1: Called Strike
1-2: Strikes out swinging
Batting: LHB Kuemon Shishido 0-0: Ball
1-0: Ground out 5-3 (Groundball, 5, EV 76.2 MPH)
Batting: SHB Matt Urbani 0-0: Ball
1-0: Ball
2-0: Foul Ball, location: 2F
2-1: Ball
3-1: Base on Balls
Batting: LHB Jayden Thomas 0-0: Called Strike
0-1: Ground out 1-3 (Groundball, 13S, EV 60.6 MPH)
Top of the 3rd over - 0 runs, 0 hits, 0 errors, 1 left on base; Chattanooga 2 - Arkansas 1
BOTTOM OF THE 3RD
Arkansas Travelers batting - Pitching for Chattanooga Lookouts : RHP Tom Winsor
Batting: RHB Nick Lombardo 0-0: Ball
1-0: Swinging Strike
1-1: Ball
2-1: Foul Ball, location: 2F
2-2: Foul Ball, location: 2F
2-2: Ball
3-2: Ground out 5-3 (Groundball, 56S, EV 66.2 MPH)
Batting: RHB Danny Bjarnson 0-0: Called Strike
0-1: Called Strike
0-2: Ball
1-2: Ball
2-2: Foul Ball, location: 2F
2-2: Fly out, F9 (Line Drive, 9S, EV 98.1 MPH)
Batting: RHB Juan Montez 0-0: Ball
1-0: Foul Ball, location: 2F
1-1: Called Strike
1-2: Ball
2-2: Strikes out swinging
Bottom of the 3rd over - 0 runs, 0 hits, 0 errors, 0 left on base; Chattanooga 2 - Arkansas 1
TOP OF THE 4TH
Chattanooga Lookouts batting - Pitching for Arkansas Travelers : RHP Getachew El Sayed
Batting: RHB Michael McDonald 0-0: Called Strike
0-1: SINGLE (Line Drive, 56D, EV 97.5 MPH)
Batting: LHB Brian Wagner 0-0: Called Strike
0-1: Ball
1-1: Called Strike
1-2: Ball
2-2: Strikes out swinging
Batting: RHB David Nardone 0-0: Called Strike
0-1: Ball
1-1: Swinging Strike
1-2: Strikes out swinging
Batting: LHB Marshall Daul 0-0: Called Strike
Michael McDonald steals 2nd base
0-1: Fly out, F9 (Flyball, 9D, EV 87.5 MPH)
Top of the 4th over - 0 runs, 1 hit, 0 errors, 1 left on base; Chattanooga 2 - Arkansas 1
BOTTOM OF THE 4TH
Arkansas Travelers batting - Pitching for Chattanooga Lookouts : RHP Tom Winsor
Batting: RHB Kyler Seitz 0-0: Ball
1-0: Foul Ball, location: 2F
1-1: SINGLE (Flyball, 5D, EV 94.4 MPH)
Batting: SHB Danny Gelinas 0-0: Ball
1-0: Called Strike
1-1: Fielders Choice at 2nd, 3-6 (Groundball, 34S, EV 78.1 MPH)
Batting: LHB Mutsuo IIda 0-0: Called Strike
Danny Gelinas is caught stealing 2nd base 2-6
0-1: Ball
1-1: Swinging Strike
1-2: Ball
2-2: Strikes out swinging
Bottom of the 4th over - 0 runs, 1 hit, 0 errors, 0 left on base; Chattanooga 2 - Arkansas 1
TOP OF THE 5TH
Chattanooga Lookouts batting - Pitching for Arkansas Travelers : RHP Getachew El Sayed
Batting: RHB Manuel Juarez 0-0: Ball
1-0: Called Strike
1-1: Fly out, F8 (Flyball, 8LD, EV 94.4 MPH)
Pitching: RHP Eddie Garabito
Batting: LHB Shaun Price 0-0: Swinging Strike
0-1: Ground out 1-3 (Groundball, P, EV 70.6 MPH)
Batting: LHB Kuemon Shishido 0-0: Ball
1-0: Called Strike
1-1: Swinging Strike
1-2: SINGLE (Line Drive, 8RS, EV 91.2 MPH)
Batting: SHB Matt Urbani 0-0: Called Strike
0-1: Ball
1-1: Foul Ball, location: 2F
1-2: Ball
2-2: Ball
3-2: Ground out 6-3 (Groundball, 6, EV 87.5 MPH)
Top of the 5th over - 0 runs, 1 hit, 0 errors, 1 left on base; Chattanooga 2 - Arkansas 1
BOTTOM OF THE 5TH
Arkansas Travelers batting - Pitching for Chattanooga Lookouts : RHP Tom Winsor
Batting: RHB Kinya Nishimura 0-0: Ground out 6-3 (Groundball, 6, EV 80.0 MPH)
Batting: RHB T.J. Gray 0-0: Foul Ball, location: 2F
0-1: Swinging Strike
0-2: Ball
1-2: Fly out, F8 (Flyball, 8LM, EV 87.5 MPH)
Batting: RHB Ryan Pelletier 0-0: Ground out 4-3 (Groundball, 4M, EV 83.8 MPH)
Bottom of the 5th over - 0 runs, 0 hits, 0 errors, 0 left on base; Chattanooga 2 - Arkansas 1
TOP OF THE 6TH
Chattanooga Lookouts batting - Pitching for Arkansas Travelers : RHP Eddie Garabito
Batting: LHB Jayden Thomas 0-0: Called Strike
0-1: Ball
1-1: Foul Ball, location: 2F
1-2: Ball
2-2: Ball
3-2: Ground out 4-3 (Groundball, 4, EV 99.4 MPH)
Batting: RHB Michael McDonald 0-0: Ball
1-0: Ball
2-0: Called Strike
2-1: Foul Ball, location: 2F
2-2: Foul Ball, location: 2F
2-2: Strikes out swinging
Batting: LHB Brian Wagner 0-0: Foul Ball, location: 2F
0-1: Ball
1-1: Ball
2-1: Foul Ball, location: 2F
2-2: Strikes out looking
Top of the 6th over - 0 runs, 0 hits, 0 errors, 0 left on base; Chattanooga 2 - Arkansas 1
BOTTOM OF THE 6TH
Arkansas Travelers batting - Pitching for Chattanooga Lookouts : RHP Tom Winsor
Batting: RHB Nick Lombardo 0-0: Swinging Strike
0-1: Reached on error, E5 (Groundball, 56, EV 85.6 MPH)
Batting: RHB Danny Bjarnson 0-0: Called Strike
Nick Lombardo steals 2nd base
0-1: Swinging Strike
0-2: Ball
1-2: Ball
2-2: SINGLE (Groundball, 4D, EV 98.1 MPH)
Nick Lombardo to third
Batting: RHB Juan Montez 0-0: Called Strike
0-1: Ball
1-1: Ball
2-1: DOUBLE (Line Drive, 9LS, EV 108.1 MPH)
Nick Lombardo scores
Danny Bjarnson to third
Batting: RHB Kyler Seitz 0-0: Ball
1-0: Ball
2-0: Foul Ball, location: 2F
2-1: SINGLE (Groundball, 56, EV 101.2 MPH)
Danny Bjarnson scores
Juan Montez to third
Batting: SHB Danny Gelinas 0-0: Ball
1-0: Ball
2-0: Ball
3-0: Called Strike
3-1: Called Strike
3-2: SINGLE (Groundball, 4, EV 99.4 MPH) (infield hit)
Juan Montez scores
Kyler Seitz to second
Batting: LHB Mutsuo IIda 0-0: Ball
1-0: Foul Ball, location: 2F
1-1: Called Strike
1-2: Strikes out swinging
Batting: RHB Kinya Nishimura 0-0: Called Strike
0-1: DOUBLE (Flyball, 89D, EV 95.6 MPH)
Kyler Seitz scores
Danny Gelinas to third
Batting: RHB T.J. Gray 0-0: Ball
1-0: Foul Ball, location: 2F
1-1: Called Strike
1-2: Ball
2-2: Strikes out swinging
Pitching: RHP Jose Marrero
Batting: RHB Ryan Pelletier 0-0: Swinging Strike
0-1: Ball
1-1: Ball
2-1: SINGLE (Groundball, 56D, EV 107.5 MPH)
Danny Gelinas scores
Kinya Nishimura to third
Runner from 3rd tries for Home, throw by LF and OUT! 7-2
Bottom of the 6th over - 5 runs, 6 hits, 1 error, 1 left on base; Chattanooga 2 - Arkansas 6
TOP OF THE 7TH
Chattanooga Lookouts batting - Pitching for Arkansas Travelers : RHP Eddie Garabito
Pitching: RHP Jose Alvarado
Batting: RHB David Nardone 0-0: SINGLE (Groundball, 6S, EV 66.9 MPH) (infield hit)
DELAY Rain delay of 70 minutes in the 7th inning.
Batting: LHB Marshall Daul 0-0: Called Strike
David Nardone steals 2nd base
0-1: Ball
1-1: Foul Ball, location: 2F
1-2: Strikes out looking
Batting: RHB Manuel Juarez 0-0: Called Strike
0-1: Called Strike
0-2: Ball
1-2: Ball
2-2: Ball
3-2: Strikes out looking
Batting: LHB Shaun Price 0-0: Called Strike
0-1: Ball
1-1: Foul Ball, location: 2F
1-2: Ball
2-2: Ground out 4-3 (Groundball, 4, EV 91.9 MPH)
Top of the 7th over - 0 runs, 1 hit, 0 errors, 1 left on base; Chattanooga 2 - Arkansas 6
BOTTOM OF THE 7TH
Arkansas Travelers batting - Pitching for Chattanooga Lookouts : RHP Jose Marrero
Pitching: RHP Willie Romero
Batting: RHB Nick Lombardo 0-0: Called Strike
0-1: Called Strike
0-2: Ball
1-2: Fly out, F4 (Popup, 4, EV 73.8 MPH)
Batting: RHB Danny Bjarnson 0-0: Ball
1-0: Ball
2-0: Called Strike
2-1: Ball
3-1: Base on Balls
Batting: RHB Juan Montez 0-0: Ball
1-0: Ball
Danny Bjarnson steals 2nd base
2-0: Intentional Walk
Batting: RHB Kyler Seitz 0-0: Grounds into double play, 5-4-3 (Groundball, 56S, EV 79.4 MPH)
Bottom of the 7th over - 0 runs, 0 hits, 0 errors, 1 left on base; Chattanooga 2 - Arkansas 6
TOP OF THE 8TH
Chattanooga Lookouts batting - Pitching for Arkansas Travelers : RHP Jose Alvarado
Pitching: LHP Steve McClain
Batting: LHB Kuemon Shishido 0-0: Called Strike
0-1: Ball
1-1: Swinging Strike
1-2: Strikes out looking
Batting: SHB Matt Urbani 0-0: Ball
1-0: Foul Ball, location: 2F
1-1: Called Strike
1-2: Ball
2-2: Foul Ball, location: 2F
2-2: Ball
3-2: Strikes out swinging
Batting: LHB Jayden Thomas 0-0: Ball
1-0: Foul Ball, location: 2F
1-1: Foul Ball, location: 2F
1-2: Foul Ball, location: 2F
1-2: Fly out, F9 (Flyball, 89XD, EV 93.1 MPH)
Top of the 8th over - 0 runs, 0 hits, 0 errors, 0 left on base; Chattanooga 2 - Arkansas 6
BOTTOM OF THE 8TH
Arkansas Travelers batting - Pitching for Chattanooga Lookouts : RHP Willie Romero
Batting: SHB Danny Gelinas 0-0: Ball
1-0: Swinging Strike
1-1: Ball
2-1: Fly out, F5 (Popup, 5F, EV 69.4 MPH)
Batting: LHB Mutsuo IIda 0-0: Ball
1-0: Swinging Strike
1-1: Ball
2-1: Called Strike
2-2: Ball
3-2: SINGLE (Line Drive, 8RS, EV 86.9 MPH)
Batting: RHB Kinya Nishimura 0-0: Swinging Strike
0-1: Ball
1-1: Ball
2-1: Foul Ball, location: 2F
2-2: Strikes out swinging
Batting: RHB T.J. Gray 0-0: Ball
1-0: Ball
2-0: Fielders Choice at 2nd, 6-4 (Groundball, 6, EV 86.9 MPH)
Bottom of the 8th over - 0 runs, 1 hit, 0 errors, 1 left on base; Chattanooga 2 - Arkansas 6
TOP OF THE 9TH
Chattanooga Lookouts batting - Pitching for Arkansas Travelers : LHP Steve McClain
Pitching: LHP Jose Rivera
Batting: RHB Michael McDonald 0-0: Foul Ball, location: 2F
0-1: Ball
1-1: Ball
2-1: Foul Ball, location: 2F
2-2: Ball
3-2: Base on Balls
Batting: LHB Brian Wagner 0-0: Ball
1-0: Swinging Strike
1-1: Foul Ball, location: 2F
1-2: Strikes out swinging
Batting: RHB David Nardone 0-0: Foul Ball, location: 2F
0-1: Ball
1-1: Fly out, F8 (Line Drive, 8RM, EV 94.4 MPH)
Batting: LHB Marshall Daul 0-0: Swinging Strike
0-1: Ball
1-1: Called Strike
1-2: Ball
2-2: Ball
3-2: Strikes out swinging
Top of the 9th over - 0 runs, 0 hits, 0 errors, 1 left on base; Chattanooga 2 - Arkansas 6
Sunday, July 16th , 2023 - OOTP Baseball 24.6 Build 69